 Dungeon Crawl Stone Soup version 0.31.0-12-g77e489cdc1 (webtiles) character file.

Game seed: 14624217820196402265

116 Gadfly the Shooter (level 5, -1/32 HPs)
             Began as a Kobold Hunter on Feb 14, 2024.
             Slain by a phantom (7 damage)
             ... on level 3 of the Dungeon.
             The game lasted 00:05:28 (1856 turns).

Gadfly the Shooter (Kobold Hunter)                  Turns: 1856, Time: 00:05:29

Health: -1/32      AC:  3    Str:  8    XL:     5   Next: 20%
Magic:  6/6        EV: 15    Int: 11    God:
Gold:   59         SH:  0    Dex: 20    Spells: 4/4 levels left

rFire   . . .        a - +1 shortbow
rCold   . . .        (shield currently unavailable)
rNeg    . . .        c - +0 leather armour
rPois   .            (no helmet)
rElec   .            (no cloak)
rCorr   .            (no gloves)
SInv    .            (no boots)
Will    .....        (no amulet)
Stlth   +++          (no ring)
HPRegen 0.25/turn    (no ring)
MPRegen 0.10/turn

%: no passive effects
@: no status effects
A: small, no large weapons, nightstalker 3
a: no special abilities


You were on level 3 of the Dungeon.
You visited 1 branch of the dungeon, and saw 3 of its levels.

You collected 59 gold pieces.

Inventory:

Hand Weapons
 a - a +1 shortbow (weapon)
 b - a +0 dagger of electrocution
Armour
 c - a +0 leather armour (worn)
Jewellery
 k - a ring of ice
Scrolls
 d - a scroll of identify
 g - a scroll of revelation
Potions
 f - a potion of resistance
 h - a potion of berserk rage


   Skills:
 + Level 2.8 Fighting
 + Level 5.8 Ranged Weapons
 + Level 3.1 Dodging
 - Level 1.3 Stealth
 * Level 2.3 Invocations
 * Level 2.6 Evocations


You had 4 spell levels left.
You didn't know any spells.
Your spell library was empty.

Dungeon Overview and Level Annotations

Branches:
Dungeon (3/15)

Altars:

Shops:
D:1 =   D:2 [


Innate Abilities, Weirdness & Mutations

You are small and have problems with some larger weapons.
You are completely attuned to the shadows.


Message History

You are too injured to fight recklessly!
You are too injured to fight recklessly!
You are too injured to fight recklessly!
You are too injured to fight recklessly!
You are too injured to fight recklessly!
You are too injured to fight recklessly!
You are too injured to fight recklessly!
Unknown command.
You shoot an arrow.
The arrow hits the phantom but does no damage.
The phantom is almost destroyed.
The phantom closely misses you.
You shoot an arrow.
The arrow completely misses the phantom.
The hobgoblin completely misses you. The phantom closely misses you.
You shoot an arrow. The arrow hits the hobgoblin.
You kill the hobgoblin!
The phantom barely misses you.
You shoot an arrow. The arrow barely misses the phantom.
The phantom hits you.
You shoot an arrow. The arrow closely misses the phantom.
The phantom completely misses you.
You shoot an arrow. The arrow closely misses the phantom.
The phantom closely misses you. The phantom hits you.
* * * LOW HITPOINT WARNING * * *
The phantom blinks!
You blink.
The phantom barely misses you.
You shoot an arrow. The arrow misses the phantom.
The phantom closely misses you.
You shoot an arrow.
The arrow hits the phantom but does no damage.
The phantom is severely damaged.
The phantom closely misses you.
You shoot an arrow.
The arrow hits the phantom but does no damage.
The phantom is severely damaged.
The phantom hits you.
* * * LOW HITPOINT WARNING * * *
The phantom blinks!
You blink.
The phantom hits you!
You die...

#.....##
####.#
##...## #.#
###+#.## .#
.......#####
###.†.......
##....#####
.###....<#
..[..W...#
....@..§.#
.........#
.######.##
#.# #.#


You could see a phantom.

Vanquished Creatures
  An iguana (D:3)
  3 adders
  3 dart slugs (D:1)
  4 orcs (D:3)
  6 ball pythons
  2 bats (D:1)
  5 endoplasms
  5 goblins
  6 hobgoblins
  3 jackals (D:1)
  2 quokkas (D:1)
  4 frilled lizards
  3 kobolds
  5 rats
52 creatures vanquished.

Notes
Turn   | Place    | Note
-------+----------+-------------------------------------------
     0 | D:1      | Gadfly the Kobold Hunter began the quest for the Orb.
     0 | D:1      | Reached XP level 1. HP: 12/12 MP: 1/1
   102 | D:1      | Found Vemy's Jewellery Boutique.
   137 | D:1      | Reached XP level 2. HP: 17/17 MP: 2/2
   147 | D:1      | Reached skill level 1 in Evocations
   164 | D:1      | Reached skill level 1 in Invocations
   358 | D:1      | Reached XP level 3. HP: 22/22 MP: 3/3
   444 | D:1      | You fall into a shaft and drop 1 floor!
   697 | D:2      | Found Wuets's Antique Armour Emporium.
   834 | D:2      | Reached XP level 4. HP: 27/27 MP: 5/5
  1641 | D:3      | Reached XP level 5. HP: 14/32 MP: 6/6
  1830 | D:3      | Noticed a phantom
  1856 | D:3      | Slain by a phantom

Illustrated notes

Levels and vault maps discovered:
D:1:      reono_arrival_forest_river, layout_rooms, serial_shops,
          nicolae_shop_tiny_glass, ebering_dispersal_statue_hall
D:2:      layout_basic, serial_shops, shop, minmay_tripent
D:3:      layout_loops_corners, serial_shops, nicolae_shop_bloodbath_and_beyond,
          uniq_sigmund

Skill      XL: |  1  2  3  4 |
---------------+-------------+-----
Evocations     | 1 2 |  2.6
Invocations    | 1 2 |  2.3
Dodging        | 3 |  3.1
Fighting       | |  2.8
Ranged Weapons | |  5.8
Stealth        | |  1.3

Action                     |  1- 3 |  4- 6 || total
---------------------------+-------+-------++-------
   Fire: Shortbow          |    74 |    76 ||   150
    Use: Scroll            |     4 |     5 ||     9
 Armour: Leather armour    |    13 |    29 ||    42
  Dodge: Dodged            |    17 |    45 ||    62
